TOP OF THE 1ST |
Jersey Shore D-Bags batting - Pitching for Springfield Stars : LHP José López
|
Pitching: LHP José López
|
|
Batting: RHB Ricardo González
|
0-0: Ball 1-0: SINGLE (Flyball, 7LM)
|
Batting: RHB Mike Ingram
|
0-0: Called Strike 0-1: Swinging Strike 0-2: Ball 1-2: Foul Ball, location: 2F 1-2: Strikes out looking
|
Batting: RHB Miguel Serna
|
0-0: Foul Ball, location: 2F 0-1: Swinging Strike 0-2: Strikes out looking
|
Batting: LHB Dave Dodd
|
0-0: Ball 1-0: Ball 2-0: Ball 3-0: Called Strike 3-1: DOUBLE (Line Drive, 7D) Ricardo González to third Runner from 3rd tries for Home, SAFE, no throw
|
Batting: RHB Ben Morton
|
0-0: Swinging Strike 0-1: Ball 1-1: Swinging Strike 1-2: SINGLE (Line Drive, 9S) Dave Dodd to third Runner from 3rd tries for Home, SAFE, no throw
|
Batting: LHB António Cedeño
|
0-0: Ground out 4-3 (Groundball, 34)
|
Top of the 1st over - 2 runs, 3 hits, 0 errors, 1 left on base; Jersey Shore 2 - Springfield 0 |
BOTTOM OF THE 1ST |
Springfield Stars batting - Pitching for Jersey Shore D-Bags : RHP Tom Cunningham
|
Pitching: RHP Tom Cunningham
|
|
Batting: LHB Jesús Tobías
|
0-0: SINGLE (Line Drive, 34)
|
Batting: LHB Mike Pearson
|
0-0: Ball 1-0: Swinging Strike 1-1: Fielders Choice at 2nd, 1-4 (Groundball, 15)
|
Batting: LHB Derek Davidson
|
0-0: Ball 1-0: Ball 2-0: Foul Ball, location: 2F 2-1: Ball 3-1: SINGLE (Groundball, 4MD) Mike Pearson to second
|
Batting: LHB Felipe Guerrero
|
0-0: Ball 1-0: Ball 2-0: Ball 3-0: Base on Balls Mike Pearson to third Derek Davidson to second
|
Batting: LHB Elliott Newell
|
0-0: Ball 1-0: Ball 2-0: Ball 3-0: Called Strike 3-1: Base on Balls Mike Pearson scores Derek Davidson to third Felipe Guerrero to second
|
Batting: RHB Calvin Bennett
|
0-0: Grounds into double play, 6-4-3 (Groundball, 6)
|
Bottom of the 1st over - 1 run, 2 hits, 0 errors, 2 left on base; Jersey Shore 2 - Springfield 1 |
TOP OF THE 2ND |
Jersey Shore D-Bags batting - Pitching for Springfield Stars : LHP José López
|
Batting: RHB Francisco Sandoval
|
0-0: Ball 1-0: SINGLE (Line Drive, 7S)
|
Batting: LHB Ed Murray
|
0-0: Foul Ball, location: 2F 0-1: Ball 1-1: Swinging Strike 1-2: Strikes out looking
|
Batting: LHB José Delgado
|
0-0: Ground out 5-3 (Groundball, 56S) Francisco Sandoval to second
|
Batting: RHB Ricardo González
|
0-0: Ball 1-0: Foul Ball, location: 2F 1-1: Ball 2-1: Ball 3-1: Called Strike 3-2: Base on Balls
|
Batting: RHB Mike Ingram
|
0-0: Ball 1-0: Foul Ball, location: 2F 1-1: Ball 2-1: Swinging Strike 2-2: Ball 3-2: Ground out 5-3 (Groundball, 56S)
|
Top of the 2nd over - 0 runs, 1 hit, 0 errors, 2 left on base; Jersey Shore 2 - Springfield 1 |
BOTTOM OF THE 2ND |
Springfield Stars batting - Pitching for Jersey Shore D-Bags : RHP Tom Cunningham
|
Batting: SHB António De La Cruz
|
0-0: Ground out 6-3 (Groundball, 6)
|
Batting: RHB Juan Carlos Rodríguez
|
0-0: Called Strike 0-1: Foul Ball, location: 2F 0-2: Ball 1-2: Strikes out looking
|
Batting: LHB Will Hill
|
0-0: Ball 1-0: SINGLE (Groundball, 6MD)
|
Batting: LHB Jesús Tobías
|
0-0: Ball 1-0: Ball 2-0: Foul Ball, location: 2F 2-1: Ball 3-1: Called Strike 3-2: Foul Ball, location: 2F 3-2: Base on Balls Will Hill to second
|
Batting: LHB Mike Pearson
|
0-0: Ball 1-0: 3-RUN HOME RUN (Flyball, 9LD), Distance : 342 ft
|
Batting: LHB Derek Davidson
|
0-0: Ball 1-0: Foul Ball, location: 2F 1-1: Ball 2-1: Foul Ball, location: 2F 2-2: Foul Ball, location: 2F 2-2: Ball 3-2: Strikes out looking
|
Bottom of the 2nd over - 3 runs, 2 hits, 0 errors, 0 left on base; Jersey Shore 2 - Springfield 4 |
TOP OF THE 3RD |
Jersey Shore D-Bags batting - Pitching for Springfield Stars : LHP José López
|
Batting: RHB Miguel Serna
|
0-0: Swinging Strike 0-1: SINGLE (Groundball, 4D)
|
Batting: LHB Dave Dodd
|
0-0: Ball 1-0: Called Strike 1-1: Called Strike 1-2: Foul Ball, location: 2F 1-2: Ball 2-2: Ball 3-2: Foul Ball, location: 2F 3-2: SINGLE (Line Drive, 56D) Miguel Serna to second
|
Batting: RHB Ben Morton
|
0-0: SINGLE (Line Drive, 56D) Miguel Serna to third Dave Dodd to second
|
Batting: LHB António Cedeño
|
0-0: Called Strike 0-1: Grounds into double play, 6-4-3 (Groundball, 56) Miguel Serna scores Dave Dodd to third
|
Batting: RHB Francisco Sandoval
|
0-0: Ball 1-0: Foul Ball, location: 2F 1-1: Ball 2-1: Ball 3-1: Fly out, F9 (Flyball, 9S)
|
Top of the 3rd over - 1 run, 3 hits, 0 errors, 1 left on base; Jersey Shore 3 - Springfield 4 |
BOTTOM OF THE 3RD |
Springfield Stars batting - Pitching for Jersey Shore D-Bags : RHP Tom Cunningham
|
Batting: LHB Felipe Guerrero
|
0-0: Called Strike 0-1: Swinging Strike 0-2: Ball 1-2: DOUBLE (Flyball, 78D)
|
Batting: LHB Elliott Newell
|
0-0: Called Strike 0-1: SINGLE (Line Drive, 4M) Felipe Guerrero to third
|
Batting: RHB Calvin Bennett
|
0-0: Called Strike 0-1: Ball 1-1: Called Strike 1-2: Ball 2-2: Foul Ball, location: 2F 2-2: Ball 3-2: Base on Balls Elliott Newell to second
|
Batting: SHB António De La Cruz
|
0-0: Called Strike 0-1: Ball 1-1: Fly out, F7 (Flyball, 78XD) Runner from 3rd tags up, SCORES, no throw
|
Batting: RHB Juan Carlos Rodríguez
|
0-0: Ball 1-0: Ball 2-0: Foul Ball, location: 2F 2-1: Fly out, F7 (Flyball, 7)
|
Batting: LHB Will Hill
|
0-0: Ball 1-0: Foul Ball, location: 2F 1-1: Ball 2-1: Swinging Strike 2-2: Fly out, F9 (Flyball, 89D)
|
Bottom of the 3rd over - 1 run, 2 hits, 0 errors, 2 left on base; Jersey Shore 3 - Springfield 5 |
TOP OF THE 4TH |
Jersey Shore D-Bags batting - Pitching for Springfield Stars : LHP José López
|
Batting: LHB Ed Murray
|
0-0: Ball 1-0: Swinging Strike 1-1: Ball 2-1: Ground out 3-1 (Groundball, 34)
|
Batting: LHB José Delgado
|
0-0: Swinging Strike 0-1: Ball 1-1: Foul Ball, location: 2F 1-2: Foul Ball, location: 2F 1-2: Strikes out swinging
|
Batting: RHB Ricardo González
|
0-0: Foul Ball, location: 2F 0-1: Ball 1-1: Ball 2-1: Ball 3-1: Foul Ball, location: 2F 3-2: Foul Ball, location: 2F 3-2: Base on Balls
|
Batting: RHB Mike Ingram
|
0-0: Ball 1-0: Ground out 4-3 (Groundball, 4)
|
Top of the 4th over - 0 runs, 0 hits, 0 errors, 1 left on base; Jersey Shore 3 - Springfield 5 |
BOTTOM OF THE 4TH |
Springfield Stars batting - Pitching for Jersey Shore D-Bags : RHP Tom Cunningham
|
Batting: LHB Jesús Tobías
|
0-0: Ball 1-0: Foul Ball, location: 2F 1-1: Called Strike 1-2: Ball 2-2: Ball 3-2: Foul Ball, location: 2F 3-2: SINGLE (Flyball, 78S)
|
Batting: LHB Mike Pearson
|
0-0: Ball 1-0: Ball 2-0: Ball 3-0: Called Strike 3-1: Swinging Strike 3-2: Base on Balls Jesús Tobías to second
|
Pitching: RHP Cristóbal Santos
|
|
Batting: LHB Derek Davidson
|
0-0: Swinging Strike 0-1: Ball 1-1: Swinging Strike 1-2: SINGLE (Flyball, 9S) Jesús Tobías to third Mike Pearson to second
|
Batting: LHB Felipe Guerrero
|
0-0: Ball 1-0: Ball 2-0: Ball 3-0: Base on Balls Jesús Tobías scores Mike Pearson to third Derek Davidson to second
|
Batting: LHB Elliott Newell
|
0-0: Ball 1-0: Ball 2-0: Ball 3-0: Called Strike 3-1: Called Strike 3-2: Foul Ball, location: 2F 3-2: Base on Balls Mike Pearson scores Derek Davidson to third Felipe Guerrero to second
|
Batting: RHB Calvin Bennett
|
0-0: Fly out, F4 (Line Drive, 4)
|
Batting: SHB António De La Cruz
|
0-0: Ball 1-0: Called Strike 1-1: SINGLE (Groundball, 56D) Derek Davidson scores Felipe Guerrero to third Elliott Newell to second Runner from 3rd tries for Home, SAFE, throw made home
|
Batting: RHB Juan Carlos Rodríguez
|
0-0: Ball 1-0: Ball 2-0: Ball 3-0: Called Strike 3-1: Base on Balls Elliott Newell to third António De La Cruz to second
|
Batting: LHB Will Hill
|
0-0: Ball 1-0: Foul Ball, location: 2F 1-1: Fly out, F8 (Flyball, 8LS) Runner from 3rd tags up, SCORES, no throw
|
Batting: LHB Jesús Tobías
|
0-0: Fly out, F9 (Flyball, 9LSF)
|
Bottom of the 4th over - 5 runs, 3 hits, 0 errors, 2 left on base; Jersey Shore 3 - Springfield 10 |
TOP OF THE 5TH |
Jersey Shore D-Bags batting - Pitching for Springfield Stars : LHP José López
|
Batting: RHB Miguel Serna
|
0-0: Ball 1-0: Called Strike 1-1: DOUBLE (Line Drive, 9D)
|
Batting: LHB Dave Dodd
|
0-0: Ball 1-0: Foul Ball, location: 2F 1-1: Swinging Strike 1-2: Ball 2-2: Foul Ball, location: 2F 2-2: Foul Ball, location: 2F 2-2: Foul Ball, location: 2F 2-2: Ground out 4-3 (Groundball, 4) Miguel Serna to third
|
Batting: RHB Ben Morton
|
0-0: Called Strike 0-1: Foul Ball, location: 2F 0-2: DOUBLE (Line Drive, 7LD) Miguel Serna scores
|
Batting: LHB António Cedeño
|
0-0: Ball 1-0: Foul Ball, location: 2F 1-1: Ball 2-1: Foul Ball, location: 2F 2-2: Ball 3-2: Foul Ball, location: 2F 3-2: Foul Ball, location: 2F 3-2: Ground out 1-3 (Groundball, 13S) Ben Morton to third
|
Batting: RHB Francisco Sandoval
|
0-0: Called Strike 0-1: Ball 1-1: Ball 2-1: Ball 3-1: Foul Ball, location: 2F 3-2: Foul Ball, location: 2F 3-2: Base on Balls
|
Batting: LHB Ed Murray
|
Pickoff Throw to First - Out!
|
Top of the 5th over - 1 run, 2 hits, 0 errors, 1 left on base; Jersey Shore 4 - Springfield 10 |
BOTTOM OF THE 5TH |
Springfield Stars batting - Pitching for Jersey Shore D-Bags : RHP Cristóbal Santos
|
Batting: LHB Mike Pearson
|
0-0: Swinging Strike 0-1: Ball 1-1: Ground out 1-6-3 (Groundball, 15S)
|
Batting: LHB Derek Davidson
|
0-0: Ball 1-0: Ball 2-0: SINGLE (Groundball, 3S) (infield hit)
|
Batting: LHB Felipe Guerrero
|
0-0: Ball 1-0: Ball 2-0: Called Strike 2-1: Called Strike 2-2: Grounds into double play, 4-6-3 (Groundball, 4)
|
Bottom of the 5th over - 0 runs, 1 hit, 0 errors, 0 left on base; Jersey Shore 4 - Springfield 10 |
TOP OF THE 6TH |
Jersey Shore D-Bags batting - Pitching for Springfield Stars : LHP José López
|
Batting: LHB Ed Murray
|
0-0: Ground out 1-3 (Groundball, 13S)
|
Batting: LHB José Delgado
|
0-0: Ball 1-0: Foul Ball, location: 2F 1-1: Ball 2-1: Foul Ball, location: 2F 2-2: Ball 3-2: Foul Ball, location: 2F 3-2: Foul Ball, location: 2F 3-2: SINGLE (Line Drive, 9S)
|
Pitching: RHP Hyo-chin Ch'oe
|
|
Batting: RHB Ricardo González
|
0-0: Ball José Delgado steals 2nd base 1-0: Ball 2-0: Called Strike 2-1: Ground out 6-3 (Groundball, 56)
|
Batting: RHB Mike Ingram
|
0-0: Foul Ball, location: 2F 0-1: Called Strike 0-2: Ball 1-2: Strikes out swinging
|
Top of the 6th over - 0 runs, 1 hit, 0 errors, 1 left on base; Jersey Shore 4 - Springfield 10 |
BOTTOM OF THE 6TH |
Springfield Stars batting - Pitching for Jersey Shore D-Bags : RHP Cristóbal Santos
|
Batting: LHB Elliott Newell
|
0-0: Ball 1-0: Swinging Strike 1-1: Ball 2-1: Ball 3-1: Foul Ball, location: 2F 3-2: Base on Balls
|
Batting: RHB Calvin Bennett
|
0-0: Grounds into double play, 6-4-3 (Groundball, 56)
|
Batting: SHB António De La Cruz
|
0-0: Swinging Strike 0-1: DOUBLE (Flyball, 8LXD)
|
Batting: RHB Juan Carlos Rodríguez
|
0-0: Ball 1-0: Ball 2-0: Ball 3-0: Called Strike 3-1: Called Strike 3-2: Ground out 1-3 (Groundball, P)
|
Bottom of the 6th over - 0 runs, 1 hit, 0 errors, 1 left on base; Jersey Shore 4 - Springfield 10 |
TOP OF THE 7TH |
Jersey Shore D-Bags batting - Pitching for Springfield Stars : RHP Hyo-chin Ch'oe
|
Batting: RHB Miguel Serna
|
0-0: Ball 1-0: Called Strike 1-1: Ball 2-1: Swinging Strike 2-2: Strikes out swinging
|
Batting: LHB Dave Dodd
|
0-0: Ball 1-0: Ball 2-0: Foul Ball, location: 2F 2-1: Ball 3-1: Ground out 1-3 (Groundball, P)
|
Batting: RHB Ben Morton
|
0-0: Ball 1-0: Ground out 3-1 (Groundball, 34)
|
Top of the 7th over - 0 runs, 0 hits, 0 errors, 0 left on base; Jersey Shore 4 - Springfield 10 |
BOTTOM OF THE 7TH |
Springfield Stars batting - Pitching for Jersey Shore D-Bags : RHP Cristóbal Santos
|
Pitching: RHP Howard Joyce
|
|
Batting: LHB Will Hill
|
0-0: Ball 1-0: Swinging Strike 1-1: Swinging Strike 1-2: Ball 2-2: Ball 3-2: Strikes out looking
|
Batting: LHB Jesús Tobías
|
0-0: Ball 1-0: Called Strike 1-1: Foul Ball, location: 2F 1-2: DOUBLE (Groundball, 3L)
|
Batting: LHB Mike Pearson
|
0-0: Ball 1-0: SINGLE (Line Drive, 89S) Jesús Tobías to third
|
Batting: LHB Derek Davidson
|
0-0: Foul Ball, location: 2F 0-1: Ball 1-1: Foul Ball, location: 2F 1-2: Foul Ball, location: 2F 1-2: Ball 2-2: Foul Ball, location: 2F 2-2: SINGLE (Line Drive, 4D) Jesús Tobías scores Mike Pearson to second Mike Pearson to third
|
Batting: LHB Felipe Guerrero
|
0-0: Ball 1-0: Swinging Strike 1-1: Ball 2-1: Called Strike 2-2: Foul Ball, location: 2F 2-2: Ball Wild Pitch! Mike Pearson scores Derek Davidson to second 3-2: Base on Balls
|
Batting: LHB Elliott Newell
|
0-0: Foul Ball, location: 2F 0-1: SINGLE (Flyball, 7S) Derek Davidson to third Felipe Guerrero to second
|
Batting: RHB Calvin Bennett
|
0-0: Grounds into double play, 1-2-3 (Groundball, 15)
|
Bottom of the 7th over - 2 runs, 4 hits, 0 errors, 2 left on base; Jersey Shore 4 - Springfield 12 |
TOP OF THE 8TH |
Jersey Shore D-Bags batting - Pitching for Springfield Stars : RHP Hyo-chin Ch'oe
|
Now in LF: Gabriel Erwin
|
|
Batting: LHB António Cedeño
|
0-0: Called Strike 0-1: Ground out 4-3 (Groundball, 4D)
|
Batting: RHB Francisco Sandoval
|
0-0: Ball 1-0: SINGLE (Groundball, 56D)
|
Batting: LHB Ed Murray
|
0-0: Ball 1-0: Foul Ball, location: 2F 1-1: Ball 2-1: Foul Ball, location: 2F 2-2: Ball 3-2: Ground out 4-3 (Groundball, 4) Francisco Sandoval to second
|
Batting: LHB José Delgado
|
0-0: Swinging Strike 0-1: Ball 1-1: Ball 2-1: Ball 3-1: Called Strike 3-2: Base on Balls
|
Batting: RHB Ricardo González
|
0-0: Ball 1-0: Fielders Choice at 2nd, 6-4 (Groundball, 6)
|
Top of the 8th over - 0 runs, 1 hit, 0 errors, 2 left on base; Jersey Shore 4 - Springfield 12 |
BOTTOM OF THE 8TH |
Springfield Stars batting - Pitching for Jersey Shore D-Bags : RHP Howard Joyce
|
Batting: SHB António De La Cruz
|
0-0: Ball 1-0: Ball 2-0: Foul Ball, location: 2F 2-1: Fly out, F9 (Line Drive, 9)
|
Batting: RHB Juan Carlos Rodríguez
|
0-0: Ground out 4-3 (Groundball, 4S)
|
Batting: LHB Will Hill
|
0-0: Ball 1-0: Called Strike 1-1: Ground out 3-1 (Groundball, 23)
|
Bottom of the 8th over - 0 runs, 0 hits, 0 errors, 0 left on base; Jersey Shore 4 - Springfield 12 |
TOP OF THE 9TH |
Jersey Shore D-Bags batting - Pitching for Springfield Stars : RHP Hyo-chin Ch'oe
|
Batting: RHB Mike Ingram
|
0-0: Foul Ball, location: 2F 0-1: Called Strike 0-2: Ball 1-2: Ball 2-2: Foul Ball, location: 2F 2-2: Foul Ball, location: 2F 2-2: Foul Ball, location: 2F 2-2: Ball 3-2: Fly out, F4 (Popup, 4)
|
Batting: RHB Miguel Serna
|
0-0: Called Strike 0-1: Ball 1-1: Ball 2-1: Ball 3-1: Called Strike 3-2: Foul Ball, location: 2F 3-2: Foul Ball, location: 2F 3-2: Fly out, F6 (Line Drive, 6M)
|
Batting: LHB Dave Dodd
|
0-0: Ball 1-0: Ball 2-0: Foul Ball, location: 2F 2-1: Ground out 5-3 (Groundball, 56)
|
Top of the 9th over - 0 runs, 0 hits, 0 errors, 0 left on base; Jersey Shore 4 - Springfield 12 |
|